 Dungeon Crawl Stone Soup version 0.28-a0-1510-gd0f6b136d3 (webtiles) character file.

Game seed: 12766184996311022965

190 enile the Magician (level 5, -1/42 (48) HPs)
             Began as a Naga Wanderer on Jan 15, 2022.
             Slain by a necrophage (3 damage)
             ... on level 3 of the Dungeon.
             The game lasted 00:07:43 (4287 turns).

enile the Magician (Naga Wanderer)                  Turns: 4287, Time: 00:07:44

HP:   -1/42 (48)    AC: 10    Str: 16    XL:     5   Next: 69%
MP:   11/11         EV:  9    Int: 12    God:
Gold: 63            SH:  0    Dex: 11    Spells: 9/12 levels left

rFire   . . .      SeeInvis +   a - +1 war axe (protect)
rCold   . . .      Faith    .   (no shield)
rNeg    . . .      Spirit   .   c - +0 leather armour
rPois   +          Reflect  .   (no helmet)
rElec   .          Harm     .   (no cloak)
rCorr   .          Rampage  .   (no gloves)
Will    .....                   (no barding)
Stlth   +.........              (no amulet)
HPRegen 0.14/turn               (no ring)
MPRegen 0.12/turn               (no ring)

@: under a protective aura, flying, heavily drained, very slow
A: AC +1, large, see invisible, deformed body, poison resistance, slowness 2,
spit poison 1, naga tail 1
a: Spit Poison


You were on level 3 of the Dungeon.
You visited 1 branch of the dungeon, and saw 3 of its levels.

You collected 231 gold pieces.
You spent 168 gold pieces at shops.

Inventory:

Hand Weapons
 a - a +1 war axe of protection (weapon)
 n - a +2 falchion of electrocution
Armour
 c - a +0 leather armour (worn)
 d - a +0 plate armour
 h - a +0 plate armour
Jewellery
 e - a ring of ice
Scrolls
 k - 2 scrolls of identify
 l - 2 scrolls of noise
Potions
 m - a potion of flight
Miscellaneous
 b - a piece from Xom's chessboard (inert) (quivered)


   Skills:
 + Level 2.8 Fighting
 - Level 3.0 Long Blades
 - Level 3.0 Axes
 - Level 2.0 Dodging
 - Level 4.0 Spellcasting
 - Level 3.0 Evocations


You had 9 spell levels left.
You knew the following spells:

 Your Spells              Type           Power      Damage    Failure   Level
a - Animate Skeleton      Necr           4%         N/A       26%         1
b - Corpse Rot            Necr/Air       4%         N/A       38%         2

Your spell library contained the following spells:

 Spells                   Type           Power      Damage    Failure   Level
 Inner Flame              Hex/Fire       2%         N/A       63%         3
 Ozocubu's Armour         Ice            2%         N/A       63%         3
 Vampiric Draining        Necr           2%         2d6       63%         3
 Cause Fear               Hex            1%         N/A       95%         4
 Dispel Undead            Necr           2%         3d7       95%         4
 Metabolic Englaciation   Hex/Ice        1%         N/A       100%        5
 Death Channel            Necr           1%         N/A       100%        6
 Simulacrum               Ice/Necr       1%         N/A       100%        6
 Discord                  Hex            1%         N/A       100%        8


Dungeon Overview and Level Annotations

Branches:
Dungeon (3/15)

Altars:

Shops:
D:1 !**

Annotations:
D:3 Ijyb


Innate Abilities, Weirdness & Mutations

Your serpentine skin is tough. (AC +1)
You have supernaturally acute eyesight. (SInv)
Armour fits poorly on your strangely shaped body.
Your system is resistant to poisons. (rPois)
You cover ground very slowly.
You can spit poison.
You have a snake-like lower body.


Message History

Your +2 falchion of electrocution stops crackling.
Your +1 war axe of protection hums with potential!
a - a +1 war axe of protection (weapon)
You hit the necrophage.
Your weapon exudes an aura of protection.
The necrophage is lightly damaged.
The necrophage hits you but does no damage.
You slash the necrophage!
The necrophage is moderately damaged.
The necrophage barely misses you.
The necrophage hits you but does no damage.
You hit the necrophage.
The necrophage is heavily damaged.
The necrophage closely misses you.
You hit the necrophage.
The necrophage is heavily damaged.
The necrophage hits you!
You feel drained. The necrophage hits you.
* * * LOW HITPOINT WARNING * * *
Okay, then.
As you read the scroll labelled DOVIUC PUINNOO, it crumbles to dust.
You hear a loud clanging noise!
It was a scroll of noise.
You hear a shout!
Ijyb the Twisted Goblin comes into view.
She is wielding a +0 dagger and carrying a wand of flame (14).
The necrophage hits you but does no damage.
Okay, then.
Casting: Animate Skeleton (safe; 26% risk of failure)
Confirm with . or Enter, or press ? or * to list all spells.
Okay, then.
Okay, then.
Okay, then.
Press: ? - help, v - describe, . - travel
Here: Ijyb, wielding a +0 dagger, wearing a +0 leather armour and carrying a wand of flame (14)
The floor.
Unknown command.
You feel very buoyant.
You fly up into the air.
Ijyb zaps a wand.
The puff of flame hits you!
* * * LOW HITPOINT WARNING * * *
The necrophage hits you.
You die...

...
#.....#†##
##.## .#
#......##
##.#
######.#
#.# #.##
##.# ##.##
##(##
##n###.##
##...##
#.g####n##
#....@.#
#..######


You could see a necrophage (strong) and Ijyb.

Vanquished Creatures
  A centaur skeleton (D:3)
  Jessica (D:2)
  Terence (D:2)
  Natasha (D:2)
  2 adders (D:2)
  4 worms
  7 bats
  4 endoplasms
  2 giant cockroaches
  5 goblins
  3 hobgoblins
  8 jackals (D:1)
  3 quokkas
  A ball python (D:3)
  2 frilled lizards
  5 kobolds
  3 rats
53 creatures vanquished.

Vanquished Creatures (others)
  Natasha (D:2)
  A plant (D:1)
2 creatures vanquished.

Grand Total: 55 creatures vanquished

Notes
Turn   | Place    | Note
-------+----------+-------------------------------------------
     0 | D:1      | enile the Naga Wanderer began the quest for the Orb.
     0 | D:1      | enile set off with the following items: a +0 war axe, a
                  | piece from Xom's chessboard (15/15), a +0 leather armour;
                  | and the following spell memorised: Animate Skeleton; and
                  | the following spells available to memorise: Vampiric
                  | Draining
     0 | D:1      | Reached XP level 1. HP: 15/15 MP: 5/5
   248 | D:1      | Reached skill level 1 in Fighting
   248 | D:1      | Reached XP level 2. HP: 5/25 MP: 7/7
   890 | D:1      | Found Xead's Distillery.
   895 | D:1      | Found Ijockin's General Store.
   913 | D:1      | Bought a potion of might for 48 gold pieces
   913 | D:1      | Bought a potion of berserk rage for 60 gold pieces
  1309 | D:1      | Found Meob's Assorted Antiques.
  1323 | D:1      | Reached XP level 3. HP: 32/32 MP: 8/8
  1515 | D:1      | Reached skill level 1 in Dodging
  1577 | D:1      | Bought a potion of flight for 36 gold pieces
  1577 | D:1      | Bought a scroll of identify for 24 gold pieces
  1688 | D:1      | Found a faded altar of an unknown god.
  2598 | D:2      | Reached XP level 4. HP: 26/39 MP: 10/10
  2835 | D:2      | Noticed Jessica
  2849 | D:2      | Killed Jessica
  2850 | D:2      | Reached skill level 1 in Long Blades
  2854 | D:2      | Learned a level 2 spell: Corpse Rot
  3241 | D:2      | Noticed Natasha
  3277 | D:2      | Killed Natasha
  3421 | D:2      | Noticed Natasha
  3758 | D:2      | Noticed Terence
  3763 | D:2      | Killed Terence
  3764 | D:2      | Reached XP level 5. HP: 32/45 MP: 11/11
  3943 | D:2      | Killed Natasha
  4229 | D:3      | Noticed a necrophage
  4286 | D:3      | Noticed Ijyb
  4287 | D:3      | HP: 2/42 [Ijyb/puff of flame (8)]
  4287 | D:3      | Slain by a necrophage

Illustrated notes

Levels and vault maps discovered:
D:1:      wander_arrival_fairy_ring, layout_basic, serial_shops, shop,
          shop_coins, nicolae_shop_window_shopping, serial_forest,
          infiniplex_forest_clump_curved, infiniplex_forest_corner_1,
          infiniplex_forest_lined_2, infiniplex_forest_pool,
          infiniplex_forest_straight_3, hellmonk_ecumenical_altar_lost_god
D:2:      layout_loops_ring, serial_rivers, chequers_serial_rivers_micro_d,
          chequers_serial_rivers_micro_b, chequers_serial_rivers_small_3,
          chequers_serial_rivers_micro_a, minmay_misc_feat_roman, uniq_terence,
          uniq_natasha, uniq_jessica
D:3:      due_chaos_kobolds, layout_loops_cross, minmay_misc_feat_x, uniq_ijyb

Skill      XL: |  1  2  3  4  5 |
---------------+----------------+-----
Fighting       | 1 2 |  2.8
Dodging        | 1 2 |  2.0
Long Blades    | 2 3 |  3.0
Axes           | |  3.0
Spellcasting   | |  4.0
Evocations     | |  3.0

Action                   |  1- 3 |  4- 6 || total
-------------------------+-------+-------++-------
Melee: War axe           |    82 |     4 ||    86
       Punch             |     2 |     1 ||     3
       Falchion          |    14 |    68 ||    82
       Unarmed           |       |    11 ||    11
 Cast: Animate Skeleton  |       |     1 ||     1
       Corpse Rot        |       |     1 ||     1
 Abil: Spit Poison       |     9 |     5 ||    14
Evoke: Piece from Xom's  |       |    18 ||    18
  Use: Scroll            |     2 |     3 ||     5
       Potion            |     1 |     5 ||     6
 Stab: Petrifying        |       |     1 ||     1
Armor: Leather armour    |    34 |    45 ||    79
Dodge: Dodged            |    63 |    65 ||   128

Table legend: (Time is in decaauts)
 A = Elapsed time spent in this place.
 B = Non-inter-level travel time spent in this place.
 C = Inter-level travel time spent in this place.
 D = Time resting spent in this place.
 E = Time spent auto-exploring this place.
 F = Levels seen in this place.
 G = Mean time per level.
                   A        B        C        D        E       F      G
               +--------+--------+--------+--------+--------+-----+--------+
         Total |   5056 |   4939 |    117 |      0 |   4358 |   3 | 1685.3 |
       Dungeon |   5056 |   4939 |    117 |      0 |   4358 |   3 | 1685.3 |
               +--------+--------+--------+--------+--------+-----+--------+

Top non-repeatable levels by time:
     D:2: 2635 daAuts
     D:1: 2200 daAuts
     D:3: 220 daAuts
